Unix NetHack Version 3.7.0-86 Work-in-progress - last build May 30 2023 01:50:43 (cc98dc9aa62a9957b082a042edf5bd7ec9f632c7,branch:master). Game began 2023-06-04 18:39:14, ended 2023-06-04 19:43:58. spontiff, neutral male gnomish Healer -------- ----- |......| |...| --------- |>.....| #...o| ------ ##........| |......| #|...-# #-....| ------ # |.......-# #.......| #-----## #|.....###############.....| # |......@|# #|......-# ## # ##|....|# #### # |....| # ---------# #--.-----# ### # # -|----# # # |....| # # # ### # # ##### # ### #######.....| # # ## # # # ## # ## ------ # ## # ##### # #### # ######## ### #####00#####0### # # # # # # #------# ########## # # # ----- # #|....|# #### # #-----.-- ## |...-###############......# #### # # #|.......####### |...| ## |....| ####-----.--# #|..0...| |....## |....-### #|......|# #.......| |...| |....| #|......-# -------- |...| ------ #.......| ----- -------- Spontiff the Rhizotomist St:7 Dx:9 Co:18 In:10 Wi:18 Ch:16 Neutral S:154 Dlvl:1 $:1114 HP:16(17) Pw:5(5) AC:7 Xp:1/1 T:2786 Hungry Latest messages: The large cat misses the gecko. The large cat bites the gecko. The gecko is killed! You climb up the stairs. Where do you want to travel to? (For instructions type a '?') The large cat picks up an empty unlocked large box. You climb up the stairs. Where do you want to travel to? (For instructions type a '?') Where do you want to travel to? (For instructions type a '?') You swap places with your large cat. The kobold hits! You swap places with your large cat. The large cat bites the kobold. You swap places with your large cat. Where do you want to travel to? (For instructions type a '?') You climb up the stairs. You remember this level as Stashlet. You see here a broken large box containing 3 items. Where do you want to travel to? (For instructions type a '?') You already found a monster. Use 'm' prefix to force another search. The newt bites! The newt bites! You already found a monster. Use 'm' prefix to force another search. You already found a monster. The newt misses! You are beginning to feel hungry. The large cat bites the newt. The newt is killed! What do you want to use or apply? [jkmosvzS or ?*] s In what direction? y You hear nothing special. What do you want to use or apply? [jkmosvzS or ?*] s In what direction? u You hear nothing special. What do you want to use or apply? [jkmosvzS or ?*] s In what direction? k You hear nothing special. What do you want to use or apply? [jkmosvzS or ?*] s In what direction? y You hear nothing special. Where do you want to travel to? (For instructions type a '?') Beware, there will be no return! Still climb? [yn] (n) y Do you want your possessions identified? [ynq] (y) y Do you want to see the dungeon overview? [ynq] (y) q Inventory: Coins $ - 1114 gold pieces Amulets A - an uncursed amulet of reflection (being worn) Weapons W - 17 uncursed +0 arrows f - 8 cursed -3 arrows Armor w - an uncursed +0 helmet h - an uncursed +0 orcish helm (being worn) g - an uncursed +1 pair of leather gloves (being worn) Comestibles y - an uncursed apple n - 2 uncursed food rations p - 2 uncursed tripe rations u - an uncursed lichen corpse Scrolls a - an uncursed scroll of blank paper e - a blessed scroll of confuse monster T - a blessed scroll of enchant weapon l - an uncursed scroll of fire B - an uncursed scroll of magic mapping C - a cursed scroll of teleportation Spellbooks m - an uncursed spellbook of knock Potions q - an uncursed potion of confusion named SMOKY Y - a blessed potion of object detection Q - an uncursed potion of sleeping Z - a cursed potion of speed b - an uncursed potion of water Wands S - an uncursed wand of sleep (0:5) Tools j - an uncursed expensive camera (0:43) z - an uncursed leash k - an uncursed skeleton key s - an uncursed stethoscope v - an uncursed tin opener o - a cursed tin whistle Gems/Stones x - 2 uncursed worthless pieces of blue glass X - 2 uncursed worthless pieces of green glass E - a cursed worthless piece of green glass D - an uncursed worthless piece of white glass Spontiff the Healer's attributes: Background: You were a Rhizotomist, a level 1 male gnomish Healer. You were neutral, on a mission for Hermes who was opposed by Athena (lawful) and Poseidon (chaotic). You were in the Dungeons of Doom, on level 1. You entered the dungeon 2786 turns ago. There was a full moon in effect when your adventure ended. You had 1 experience point, 19 more were needed to attain level 2. Your score was 154 before end-of-game adjustments. Basics: You had 16 out of 17 hit points. You had all 5 energy points (spell power). Your armor class was 7. Your wallet contained 1114 zorkmids. Autopickup was on for '$!/="?' plus thrown, with exceptions. Final Characteristics: Your strength was 7 (limit:18/50). Your dexterity was 9 (limit:18). Your constitution was 18 (limit:18). Your intelligence was 10 (limit:19). Your wisdom was 18 (limit:18). Your charisma was 16 (limit:18). Final Status: You were hungry. You were unencumbered. You were empty handed. You were unskilled in bare handed combat. Final Attributes: You were devoutly aligned. You were poison resistant. You had infravision. You had reflection. You were lucky. You survived. Miscellaneous: You never encountered a bones level. Total elapsed playing time was 1 hour, 3 minutes and 57 seconds. Major events: Turn 1: spontiff the neutral male gnomish Healer entered the dungeon 2353: entered the Gnomish Mines 2786: escaped Vanquished creatures: a hobbit 2 giant rats 2 red molds 4 geckos 11 jackals a fox 3 kobolds 7 goblins a sewer rat 10 grid bugs 4 lichens a kobold zombie 7 newts 54 creatures vanquished. No species were genocided or became extinct. Voluntary challenges: You never hit with a wielded weapon. You were illiterate. You never engraved Elbereth. You never genocided any monsters. You never polymorphed an object. You never changed form. You used no wishes. Achievements: You entered a shop. You entered the Gnomish Mines. The Dungeons of Doom: levels 1 to 4 Level 1: "Stashlet" <- You left from here. Level 2: A general store. Level 3: Some fountains. Stairs down to The Gnomish Mines. Level 4: The Gnomish Mines: Level 4: Goodbye spontiff the Healer... You escaped from the dungeon with 304 points, and 1114 pieces of gold, after 2786 moves. You were level 1 with a maximum of 17 hit points when you escaped.